 Dungeon Crawl Stone Soup version 0.20.1-1-g8b1a95d (webtiles) character file.

88 Linguinho the Sneak (level 4, -11/29 HPs)
             Began as a Halfling Assassin on Oct 26, 2017.
             Mangled by Araratina's ghost (18 damage)
             ... on level 3 of the Dungeon.
             The game lasted 00:10:35 (1926 turns).

Linguinho the Sneak (Halfling Assassin)             Turns: 1926, Time: 00:10:36

Health: -11/29     AC:  9    Str: 12    XL:     4   Next: 81%
Magic:  4/4        EV: 13    Int:  9    God:
Gold:   76         SH:  0    Dex: 16    Spells: 3/3 levels left

rFire    . . .     SeeInvis .   o - +2 dagger (venom)
rCold    . . .     Gourm    .   (shield restricted)
rNeg     . . .     Faith    .   r - +2 ring mail {rPois}
rPois    +         Spirit   .   (no helmet)
rElec    .         Reflect  .   d - +0 cloak
rCorr    .         Harm     .   (no gloves)
MR       .....                  u - +0 pair of boots (curse)
Stlth    ++........             (no amulet)
Regen    0.1/turn               (no ring)
MPRegen  0.1/turn               (no ring)

@: drained
A: mutation resistance 1
a: no special abilities


You were on level 3 of the Dungeon.
You were not hungry.

You visited 1 branch of the dungeon, and saw 3 of its levels.

You collected 76 gold pieces.

Inventory:

Hand Weapons
 a - a +2 dagger
 b - a +0 blowgun
 o - a +2 dagger of venom (weapon)
 t - a +2 whip of electrocution
Missiles
 e - 13 poisoned needles
 f - 2 curare-tipped needles
 w - 13 arrows
Armour
 c - a +0 robe
 d - a +0 cloak (worn)
 r - a +2 ring mail of poison resistance (worn)
 u - a cursed +0 pair of boots (worn)
Jewellery
 y - an uncursed ring of stealth {unknown}
Scrolls
 h - a scroll of immolation {unknown}
 l - 2 scrolls of remove curse {unknown}
 m - 2 scrolls of identify {unknown}
 p - a scroll of teleportation {unknown}
 v - a scroll of amnesia {unknown}
 x - a scroll of enchant armour {unknown}
Potions
 j - a potion of might {unknown}
 k - a potion of brilliance {unknown}
 q - 2 potions of degeneration {unknown}
 s - 2 potions of curing {unknown}
 z - a potion of mutation {unknown}
Comestibles
 g - a bread ration
 i - a royal jelly
 n - 3 fruits


   Skills:
 + Level 2.1(1.8) Fighting
 + Level 3.1(2.8) Short Blades
 + Level 2.0(1.8) Throwing
 + Level 2.1(1.9) Dodging
 + Level 5.7(5.4) Stealth


You had 3 spell levels left.
You didn't know any spells.

Dungeon Overview and Level Annotations

Branches:
Dungeon (3/15)

Altars:
Vehumet

Annotations:
D:3 Araratina's ghost, amateur CeHu


Innate Abilities, Weirdness & Mutations

You are small and have problems with some larger weapons.
You are somewhat resistant to further mutation.


Message History

Araratina's ghost is moderately damaged.
Araratina's ghost closely misses you.
You barely miss Araratina's ghost.
Araratina's ghost is moderately damaged.
Araratina's ghost hits you.
* * * LOW HITPOINT WARNING * * *
You feel drained.
* * * LOW HITPOINT WARNING * * *
You hit Araratina's ghost but do no damage.
Araratina's ghost is moderately damaged.
Araratina's ghost hits you but does no damage.
Araratina's ghost barely misses you.
Araratina's ghost screams, "Don't try to defend!
You have no chance!"
Araratina's ghost barely misses you.
You hit Araratina's ghost but do no damage.
Araratina's ghost is lightly damaged.
Araratina's ghost hits you but does no damage.
You are electrocuted!
Ouch! That really hurt!
You die...

#.###########..# #.# #..# #.#
#..# #######.##. #.# #..#
#..<....... #.# #..#
#.#####.### #.# #..# #.#
####>#### #..# #.#
#.......########..####.##
.........##....W@...#...####.#
#........##.####.............#
........#........)..#...######
#........##.######.....##
#...........# ##......
#.......##### ########
#########


You could see Araratina's ghost.

Vanquished Creatures
  Jessica (D:2)
  2 adders (D:2)
  2 leopard geckos
  8 bats
  7 giant cockroaches
  4 goblins
  3 hobgoblins (D:1)
  A quokka (D:3)
  A ball python (D:2)
  A frilled lizard (D:2)
  3 kobolds
  8 rats
41 creatures vanquished.

Notes
Turn   | Place    | Note
-------+----------+-------------------------------------------
     0 | D:1      | Linguinho the Halfling Assassin began the quest for the Orb.
     0 | D:1      | Reached XP level 1. HP: 14/14 MP: 1/1
   272 | D:1      | Reached XP level 2. HP: 16/19 MP: 2/2
   349 | D:1      | Reached skill level 5 in Stealth
   579 | D:2      | Reached XP level 3. HP: 12/24 MP: 3/3
   791 | D:2      | Noticed Jessica
   962 | D:2      | Killed Jessica
   962 | D:2      | Reached XP level 4. HP: 14/29 MP: 4/4
  1293 | D:2      | Found a radiant altar of Vehumet.
  1900 | D:3      | Noticed Araratina's ghost (amateur CeHu)
  1926 | D:3      | Mangled by Araratina's ghost

Skill      XL: |  1  2  3  4 |
---------------+-------------+-----
Stealth        | 5 |  5.7
Fighting       | 2 |  2.1
Dodging        | 2 |  2.1
Short Blades   | 3 |  3.1
Throwing       | |  2.0

Action                   |  1- 3 |  4- 6 || total
-------------------------+-------+-------++-------
Melee: Dagger            |    86 |    52 ||   138
 Stab: Sleeping          |     4 |     5 ||     9
  Eat: Chunk             |       |     3 ||     3
Armor: Robe              |    28 |     1 ||    29
       Ring mail         |       |    18 ||    18
Dodge: Dodged            |   141 |    28 ||   169
